 Dungeon Crawl Stone Soup version 0.26-a0-259-g1effd001a9 (webtiles) character file.

Game seed: 2363044428827795887

550 wvc the Carver (level 7, 0/60 HPs)
             Began as a Naga Gladiator on July 12, 2020.
             Was an Elder of Jiyva.
             Slain by a rat (3 damage)
             ... summoned by Eustachio
             ... on level 5 of the Dungeon.
             The game lasted 00:08:53 (4712 turns).

wvc the Carver (Naga Gladiator)                     Turns: 4712, Time: 00:08:54

Health: 0/60       AC:  8    Str: 15 (18) XL:     7   Next: 29%
Magic:  7/7        EV:  9    Int:  6 (7)  God:    Jiyva [****..]
Gold:   78         SH:  5    Dex: 11 (14) Spells: 6/6 levels left

rFire    . . .     SeeInvis +   a - +0 long sword
rCold    . . .     Faith    .   (no shield)
rNeg     . . .     Spirit   .   l - +0 ring mail
rPois    +         Reflect  +   c - +0 helmet
rElec    .         Harm     .   (no cloak)
rCorr    +                      g - +2 pair of gloves
MR       .....                  (no barding)
Stlth    +.........             n - amulet of reflection
HPRegen  0.20/turn              (no ring)
MPRegen  0.10/turn              (no ring)

@: short of breath, very slow
A: large, see invisible, deformed body, poison resistance, slowness 2, slow
metabolism 1, spit poison 1, AC +2
a: Spit Poison, Request Jelly, Slimify, Renounce Religion


You were on level 5 of the Dungeon.
You worshipped Jiyva.
Jiyva was greatly pleased with you.
You were very full.

You visited 1 branch of the dungeon, and saw 5 of its levels.

You collected 78 gold pieces.

Inventory:

Hand Weapons
 a - a +0 long sword (weapon)
 h - a +3 dagger of electrocution
 m - a +1 vampiric dagger
Missiles
 d - 3 throwing nets (quivered)
 j - 48 poisoned darts
Armour
 c - a +0 helmet (worn)
 g - a +2 pair of gloves (worn)
 l - a +0 ring mail (worn)
Jewellery
 n - an amulet of reflection (around neck)
Scrolls
 b - 2 scrolls of identify
Comestibles
 f - 12 rations


   Skills:
 - Level 2.0 Fighting
 + Level 8.2 Long Blades
 - Level 1.7 Throwing
 - Level 2.4 Dodging


You had 6 spell levels left.
You didn't know any spells.
Your spell library was empty.

Dungeon Overview and Level Annotations

Branches:
Dungeon (5/15)             Temple (0/1) D:5

Altars:
Dithmenos
Jiyva

Annotations:
D:5 Eustachio


Innate Abilities, Weirdness & Mutations

You cannot wear boots.
Your serpentine skin is tough. (AC +2)
You have supernaturally acute eyesight. (SInv)
Armour fits poorly on your strangely shaped body.
Your system is resistant to poisons. (rPois)
You cover ground very slowly.
You have a slow metabolism.
You can spit poison.


Message History

The splash of poison hits the orc warrior!
The orc warrior looks even sicker.
The orc warrior is severely wounded.
The orc warrior hits you with a +0 lajatang!!
* * * LOW HITPOINT WARNING * * *
Your surroundings suddenly seem different.
An adder comes into view.
You block the adder's attack.
An orc priest comes into view. It is wielding a +0 club.
Eustachio the Magnificent comes into view.
He is wielding a +0 falchion.
Eustachio gestures wildly while chanting.
Found 38 gold pieces, 2 rations and 8 stones.
Found a staircase to the Ecumenical Temple.
Okay, then.
You feel magically purged. The adder bites you.
* * * LOW HITPOINT WARNING * * *
Eustachio casts a spell.
The adder barely misses you. The adder closely misses you. The rat bites you.
You die...

########
#......#
#......##
#.......##
#.S5.....#
#.@r.@.....
#.%...$.rr.8.8.
##..........⌠.⌠
##........8o>.
##........⌠.⌠
#...(...8.8.
#...###..$$.
#...# ....
#..........


You could see Eustachio, an orc priest, an adder, a shadow imp (summoned), a
quokka (summoned) and 2 rats.

Vanquished Creatures
  A sky beast (D:3)
  A centaur (D:5)
  A scorpion (D:5)
  2 hounds (D:4)
  Robin (D:2)
  2 gnolls (D:4)
  A howler monkey skeleton (D:4)
  8 adders
  A white imp (D:5)
  An ooze (D:2)
  An adder skeleton (D:4)
  5 worms
  3 dart slugs
  7 leopard geckos
  3 orcs
  4 ball pythons
  6 giant cockroaches
  19 goblins
  10 hobgoblins
  11 jackals
  3 quokkas
  8 bats
  4 frilled lizards
  9 kobolds
  A quokka skeleton (D:5)
  11 rats
124 creatures vanquished.

Vanquished Creatures (others)
  2 gnolls (D:4)
  2 adders (D:3)
  A leopard gecko (D:4)
  8 orcs
  A giant cockroach (D:3)
  2 hobgoblins
  A bat (D:3)
  A frilled lizard (D:4)
  A rat (D:3)
  4 fungi (D:4)
  5 toadstools (D:4)
28 creatures vanquished.

Grand Total: 152 creatures vanquished

Notes
Turn   | Place    | Note
-------+----------+-------------------------------------------
     0 | D:1      | wvc the Naga Gladiator began the quest for the Orb.
     0 | D:1      | Reached XP level 1. HP: 19/19 MP: 1/1
   299 | D:1      | Reached XP level 2. HP: 26/26 MP: 2/2
   647 | D:1      | Reached skill level 4 in Long Blades
   661 | D:1      | Reached XP level 3. HP: 11/32 MP: 3/3
  1558 | D:2      | Reached XP level 4. HP: 39/39 MP: 4/4
  1702 | D:2      | Reached skill level 5 in Long Blades
  1865 | D:2      | Noticed Robin
  1885 | D:2      | Killed Robin
  2134 | D:2      | Found a shadowy altar of Dithmenos.
  2409 | D:2      | Found a faded altar of an unknown god.
  2419 | D:2      | Became a worshipper of Jiyva Joith the Shapeless
  2419 | D:2      | Reached * piety under Jiyva
  2635 | D:3      | Reached XP level 5. HP: 45/45 MP: 5/5
  2941 | D:3      | Reached ** piety under Jiyva
  2948 | D:3      | Noticed a sky beast
  2962 | D:3      | Reached skill level 6 in Long Blades
  2973 | D:3      | Killed a sky beast
  2973 | D:3      | Reached XP level 6. HP: 28/52 MP: 6/6
  3280 | D:3      | Reached *** piety under Jiyva
  3292 | D:3      | Gained mutation: Your magical capacity is low. (-10% MP)
                  | [Jiyva's grace]
  3563 | D:4      | Reached skill level 7 in Long Blades
  3636 | D:4      | Reached **** piety under Jiyva
  3640 | D:4      | Gained mutation: You evolve. [Jiyva's grace]
  3911 | D:4      | Lost mutation: Your magical capacity is low. (-10% MP)
                  | [evolution]
  3911 | D:4      | Lost mutation: You evolve. [end of evolution]
  4408 | D:5      | Entered Level 5 of the Dungeon
  4439 | D:5      | Reached XP level 7. HP: 50/60 MP: 7/7
  4516 | D:5      | Reached skill level 8 in Long Blades
  4710 | D:5      | Found a staircase to the Ecumenical Temple.
  4711 | D:5      | Noticed Eustachio
  4711 | D:5      | HP: 3/60 [adder (2)]
  4712 | D:5      | Slain by a rat

Illustrated notes

Levels and vault maps discovered:
D:1:      zelgadis_glass_arrival_small, layout_loops_ring
D:2:      layout_loops_ring, chequers_ecumenical_altar_twisty,
          minmay_misc_feat_tiny, grunt_decor_mini_mirrors,
          hangedman_abyss_or_decor_stabs, grunt_dithmenos_smoke, uniq_robin
D:3:      layout_rooms, grunt_ministairs_12
D:4:      layout_basic, first_ration, minmay_gold_behind_fungi, st_stairs_9
D:5:      kennysheep_big_flooded_room, layout_rooms,
          chequers_temple_overflow_minitemple,
          minmay_temple_entry_statues_fountains, basic_altar,
          grunt_gozag_statues, uniq_eustachio

Skill      XL: |  1  2  3  4  5  6  7 |
---------------+----------------------+-----
Long Blades    | 4 5 6 7 8 |  8.2
Fighting       | |  2.0
Throwing       | |  1.7
Dodging        | |  2.4

Action                   |  1- 3 |  4- 6 |  7- 9 || total
-------------------------+-------+-------+-------++-------
Melee: Long sword        |   126 |   151 |    24 ||   301
       Dagger            |       |    77 |       ||    77
 Abil: Spit Poison       |     2 |     4 |     3 ||     9
  Use: Scroll            |       |     7 |     1 ||     8
       Potion            |       |     1 |     3 ||     4
 Stab: Sleeping          |     1 |       |       ||     1
  Eat: Ration            |     1 |     1 |       ||     2
Armor: Leather armour    |    70 |       |       ||    70
       Ring mail         |       |    98 |     9 ||   107
Dodge: Dodged            |    67 |    96 |    18 ||   181
Block: Other             |       |    58 |    10 ||    68
       Reflection        |       |     1 |     4 ||     5
       Rpst.: Long sword |    20 |    21 |     6 ||    47

Table legend:
 A = Non-vault XP
 B = Vault XP
 C = Vault XP percentage of total XP
 D = Non-vault monster count
 E = Vault monster count
 F = Vault count percentage of total count
                 A         B        C        D         E       F
            +---------+---------+-------+---------+---------+-------
      Total |     729 |      58 |   7.4 |     111 |      13 |  10.5
            +---------+---------+-------+---------+---------+-------
        D:1 |      63 |       0 |   0.0 |      34 |       0 |   0.0
        D:2 |      61 |      30 |  33.0 |      27 |      10 |  27.0
        D:3 |     219 |      14 |   6.0 |      25 |       2 |   7.4
        D:4 |     170 |      14 |   7.6 |      14 |       1 |   6.7
        D:5 |     216 |       0 |   0.0 |      11 |       0 |   0.0
            +---------+---------+-------+---------+---------+-------
